 Dungeon Crawl Stone Soup version 0.30-a0-840-ga523dec638 (webtiles) character file.

Game seed: 6919739807603504669

484672 demibob the Ruinous (level 23, 0/154 (163) HPs)
             Began as a Demonspawn Gladiator on Mar 1, 2023.
             Was the Champion of Vehumet.
             Slain by a jiangshi (16 damage)
             ... summoned by a vampire mage
             ... on level 1 of the Crypt on Mar 2, 2023.
             The game lasted 03:36:58 (71300 turns).

demibob the Ruinous (Demonspawn Gladiator)         Turns: 71300, Time: 03:36:58

HP:   0/154 (163)   AC: 30    Str: 16      XL:     23   Next: 77%
MP:   6/42          EV: 20    Int: 25      God:    Vehumet [******]
Gold: 3824          SH:  9    Dex: 14 (15) Spells: 2/40 levels left

rFire   + + .      SeeInvis +    a - +6 Majin-Bo {spellvamp, MP+6 Int+6}
rCold   . . .      Faith    .    (no shield)
rNeg    . . .      Spirit   .    D - +5 acid dragon scales
rPois   +          Reflect  +    (helmet unavailable)
rElec   .          Harm     .    f - +1 cloak of Sloth {Rampage +Inv rPois rF++}
rCorr   +          Rampage  +    r - +1 pair of gloves
Will    ++...                    v - +2 pair of boots
Stlth   +                        O - amulet of reflection
HPRegen 0.45/turn                E - +5 ring of evasion
MPRegen 0.28/turn                Z - ring of wizardry

@: studying 2 skills, drained
A: antennae 3, icemail 2, torment resistance 1, sharp scales 3, condensation
shield, demonic magic 3, demonic willpower
}: 2/15 runes: barnacled, gossamer
a: Renounce Religion, Evoke Invisibility


You were on level 1 of the Crypt.
You worshipped Vehumet.
Vehumet was exalted by your worship.
You visited 10 branches of the dungeon, and saw 41 of its levels.
You visited 1 bazaar.
You also visited: Bailey and Ice Cave.

You collected 6898 gold pieces.
You spent 3074 gold pieces at shops.


Innate Abilities, Weirdness & Mutations

You have a pair of large antennae on your head. (SInv)
A meltable icy envelope protects you from harm. (AC +8)
You are resistant to unholy torment.
You are completely covered in razor-sharp scales. (AC +3, Slay +3)
A meltable shield of frost defends you. (SH +4)
Spells you cast and wands you use may paralyse nearby enemies.
You punish those that try to bend your will. (Will+)


   Skills:
 - Level 9.3 Fighting
 - Level 12.0 Staves
 - Level 1.7 Throwing
 - Level 3.4 Armour
 - Level 8.6 Dodging
 - Level 9.4 Spellcasting
 - Level 25.0 Conjurations
 - Level 5.1 Summonings
 - Level 3.5 Transmutations
 - Level 20.2 Fire Magic
 + Level 14.4 Air Magic
 - Level 2.6 Earth Magic


You had 2 spell levels left.
You knew the following spells:

 Your Spells              Type           Power      Damage    Failure   Level
c - Freezing Cloud        Conj/Ice/Air   33%        6-21      1%          5
l - Chain Lightning       Conj/Air       42%        3d56      22%         9
n - Ignition              Fire           42%        3d12      1%          8
s - Iron Shot             Conj/Erth      34%        9d7       1%          6
w - Wereblood             Tmut           29%        N/A       1%          2
y - Sticky Flame          Conj/Fire      90%        2d10      0%          4
Y - Iskenderun's Mystic   Conj/Tloc      65%        2d13      1%          4

Your spell library contained the following spells:

 Spells                   Type           Power      Damage    Failure   Level
 Foxfire                  Conj/Fire      100%       2x1d9     0%          1
 Scorch                   Fire           100%       2d10      0%          2
 Static Discharge         Conj/Air       100%       2-7/arc   0%          2
 Beastly Appendage        Tmut           58%        N/A       1%          1
 Freeze                   Ice            44%        1d6       1%          1
 Summon Small Mammal      Summ           100%       N/A       1%          1
 Cigotuvi's Dreadful Rot  Necr/Pois/Air  70%        N/A       1%          2
 Apportation              Tloc           22%        N/A       2%          1
 Necrotise                Necr           44%        1d6       2%          1
 Blink                    Tloc           22%        N/A       4%          2
 Ensorcelled Hibernation  Hex/Ice        22%        N/A       4%          2
 Sublimation of Blood     Necr           11%        N/A       4%          2
 Flame Wave               Conj/Fire      90%        2d19      0%          4
 Fireball                 Conj/Fire      45%        3d18      0%          5
 Call Canine Familiar     Summ           37%        N/A       1%          3
 Hailstorm                Conj/Ice       65%        3d14      1%          3
 Inner Flame              Hex/Fire       58%        N/A       1%          3
 Stone Arrow              Conj/Erth      100%       3d13      1%          3
 Vhi's Electric Charge    Tloc/Air       94%        N/A       1%          3
 Summon Lightning Spire   Summ/Air       57%        N/A       1%          4
 Arcjolt                  Conj/Air       42%        1d52      1%          5
 Irradiate                Conj/Tmut      35%        3d23      1%          5
 Lightning Bolt           Conj/Air       42%        1d61      1%          5
 Conjure Ball Lightning   Conj/Air       42%        3x3d15    1%          6
 Starburst                Conj/Fire      45%        6d13      1%          6
 Frozen Ramparts          Ice            22%        1d4       2%          3
 Summon Guardian Golem    Hex/Summ       24%        N/A       3%          3
 Spider Form              Tmut/Pois      20%        N/A       4%          3
 Animate Armour           Summ/Erth      62%        N/A       6%          4
 Lee's Rapid Deconstruct  Erth           12%        3d9*      8%          5
 Ozocubu's Armour         Ice            11%        N/A       9%          3
 Portal Projectile        Hex/Tloc       22%        N/A       9%          3
 Petrify                  Tmut/Erth      27%        N/A       9%          4
 Summon Ice Beast         Ice/Summ       24%        N/A       10%         4
 Yara's Violent Unravell  Hex/Tmut       10%        3d6       11%         5
 Maxwell's Capacitive Co  Air            35%        ∞         13%         8
 Leda's Liquefaction      Hex/Erth       9%         N/A       16%         4
 Lehudib's Crystal Spear  Conj/Erth      34%        10d9      17%         8
 Anguish                  Hex/Necr       5%         N/A       26%         4
 Animate Dead             Necr           11%        N/A       26%         4
 Cause Fear               Hex            5%         N/A       26%         4
 Dispel Undead            Necr           11%        3d9       26%         4
 Manifold Assault         Tloc           11%        N/A       26%         4
 Summon Forest            Summ/Tloc      12%        N/A       26%         5
 Summon Mana Viper        Hex/Summ       24%        N/A       26%         5
 Borgnjor's Vile Clutch   Necr/Erth      9%         N/A       41%         5
 Eringya's Noxious Bog    Tmut/Pois      10%        N/A       43%         6
 Summon Cactus Giant      Summ           18%        N/A       45%         6
 Storm Form               Tmut/Air       27%        N/A       50%         7
 Metabolic Englaciation   Hex/Ice        5%         N/A       58%         5
 Statue Form              Tmut/Erth      18%        N/A       73%         6
 Monstrous Menagerie      Summ           18%        N/A       94%         7
 Summon Hydra             Summ           18%        N/A       94%         7
 Death Channel            Necr           5%         N/A       98%         6
 Simulacrum               Ice/Necr       5%         N/A       98%         6
 Ozocubu's Refrigeration  Ice            5%         4d8       98%         7
 Enfeeble                 Hex            5%         N/A       100%        7
 Haunt                    Necr/Summ      12%        N/A       100%        7
 Discord                  Hex            5%         N/A       100%        8
 Dragon's Call            Summ           18%        N/A       100%        9

Inventory:

Hand Weapons
 a - the +6 Majin-Bo (weapon) {spellvamp, MP+6 Int+6}
   (You acquired it on level 2 of the Dungeon)

   Int:       It affects your intelligence (+6).
   MP:        It affects your magic capacity (+6).
Missiles
 g - 2 throwing nets {=f}
Armour
 e - a +2 leather armour of resistance
 f - the +1 cloak of Sloth (worn) {Rampage +Inv rPois rF++}
   (You acquired it on level 2 of the Dungeon)

   rF:        It greatly protects you from fire.
   rPois:     It protects you from poison.
   +Inv:      It lets you turn invisible.
   Rampage:   It bestows one free step when moving towards enemies.
 r - a +1 pair of gloves (worn)
 v - a +2 pair of boots (worn)
 D - +5 acid dragon scales (worn)
 Y - a scarf of resistance
Magical Staves
 N - a staff of conjuration {!a}
Jewellery
 c - a ring of protection from cold
 h - the ring "Ylisudgh" {rF++ Str+6}
   (You bought it in a shop in a bazaar)

   [ring of strength]

   Str:       It affects your strength (+6).
   rF:        It greatly protects you from fire.
 i - a +6 ring of intelligence
 l - a ring of ice
 C - a ring of ice
 E - a +5 ring of evasion (left hand)
 I - a +6 ring of intelligence
 K - an amulet of the acrobat
 M - a ring of magical power
 O - an amulet of reflection (around neck)
 Z - a ring of wizardry (right hand)
Wands
 k - a wand of paralysis (8)
 p - a wand of digging (4)
 y - a wand of polymorph (8)
 G - a wand of mindburst (2)
 H - a wand of roots (15)
 T - a wand of flame (27)
 W - a wand of light (5)
Scrolls
 d - a scroll of amnesia
 j - a scroll of acquirement
 n - 13 scrolls of enchant weapon
 q - a scroll of fear
 s - a scroll of brand weapon
 w - 6 scrolls of teleportation {@r2}
 F - a scroll of magic mapping
 L - 7 scrolls of fog
 P - a scroll of blinking
 Q - 5 scrolls of enchant armour
 U - 4 scrolls of immolation
Potions
 b - a potion of berserk rage {!q}
 m - 3 potions of might
 t - 3 potions of resistance
 x - 8 potions of ambrosia
 z - 2 potions of haste {@q3}
 A - 4 potions of brilliance
 B - 7 potions of invisibility
 J - 5 potions of flight
 R - 7 potions of mutation
 S - a potion of cancellation
 V - 9 potions of curing {@q1}
Miscellaneous
 o - a phantom mirror (inert)
 u - a piece from Xom's chessboard (15/15)
 X - a box of beasts

Dungeon Overview and Level Annotations

Branches:
Dungeon (15/15)            Temple (1/1) D:7            Lair (5/5) D:11
 Shoals (4/4) Lair:3       Spider (4/4) Lair:3          Orc (2/2) D:9
    Elf (3/3) Orc:2        Vaults (5/5) D:13          Crypt (1/3) Vaults:3
 Depths (1/4) D:15         Bailey (visited)           IceCv (visited)
  Slime: Lair:4-5

Altars:
Ashenzari
Cheibriados
Dithmenos
Fedhas
Gozag
Hepliaklqana
Kikubaaqudgha
Makhleb
Nemelex Xobeh
Okawaru
Qazlal
Ru
Sif Muna
Trog
Uskayaw
Vehumet
Wu Jian
Xom
Yredelemnul
Jiyva

Shops:
D:5 *   D:7 *   Orc:2 *[==[   Elf:2 :   Elf:3 !   Shoals:3 !((   Vaults:3 ([!(
Vaults:4 [**

Portals:
Abyss: Depths:1

Annotations:
D:6 1 runed translucent door
D:7 1 runed translucent door, Crazy Yiuf
D:13 2 transporters
Lair:1 1 runed translucent door, bigduke15's ghost, journeyman TeAE
Lair:4 exclusion: 6 oklob plants
Spider:1 2 transporters, Iamsock's ghost, journeyman DsWn
Spider:2 2 runed translucent doors, Newt's ghost, adept KoHu
Elf:2 5 runed translucent doors
Vaults:4 2 transporters, exclusion: orange crystal statue
Vaults:5 Mennas

▒...............▒▒
▒▒................
▒▒...............
▒▒▒▒▒▒▒.........
▒▒..▒▒▒▒▒. ▒..▒
▒.▒▒ ▒.▒▒ ▒@V▒
▒▒n▒▒ ▒VV▒
▒{VVZ....!
.[[.n..▒...
..▒.▒▒...▒ . .Z.
.. ▒..▒ .. ... .▒▒
. ... .▒


You could see 2 ghouls, 4 jiangshi, a vampire mage (invisible, paralysed, blind)
and a harpy skeleton (summoned, blind).


Message History

Aiming: Bolt of Light
Press: ? - help, Shift-Dir - straight line, f/p - vampire mage
Aim: a vampire mage, wearing a +0 robe (almost destroyed, slightly transparent, blind, 71% to hit)
The bolt of light hits the ghoul!
The ghoul is moderately damaged.
The bolt of light hits the vampire mage but does no damage.
The vampire mage is almost destroyed.
The bolt of light hits the harpy skeleton!
The harpy skeleton is heavily damaged.
The bolt of light hits the jiangshi!
The jiangshi is moderately damaged.
Malevolent energies surge around you.
The vampire mage suddenly stops moving!
The jiangshi claws you but does no damage.
You block the jiangshi's attack. The ghoul completely misses you. x2
Aiming: Bolt of Light
Press: ? - help, Shift-Dir - straight line, f/p - vampire mage
Aim: a vampire mage, wearing a +0 robe (almost destroyed, slightly transparent, paralysed, blind, 100% to hit)
The bolt of light hits the ghoul!
The ghoul is moderately damaged.
The bolt of light hits the vampire mage!
The vampire mage is almost destroyed.
The bolt of light hits the jiangshi.
The jiangshi is heavily damaged.
The bolt of light hits the ghoul.
The ghoul is lightly damaged.
The bolt of light hits the harpy skeleton!
The harpy skeleton is severely damaged.
Malevolent energies surge around you. The jiangshi misses you.
The jiangshi completely misses you. The jiangshi claws you!
You die...

Skill      XL: |  1  2  3  4  5  6  7  8  9 10 11 12 13 14 15 16 17 18 19 20 21 22 23 |
---------------+----------------------------------------------------------------------+-----
Staves         | 3 4 5 6 7 9 10 11 12 | 12.0
Dodging        | 5 7 8 |  8.6
Spellcasting   | 2 4 5 7 8 9 |  9.4
Transmutations | 2 3 |  3.5
Armour         | 3 |  3.4
Conjurations   | 2 8 10 11 13 15 17 19 21 23 24 25 | 25.0
Summonings     | 5 |  5.1
Air Magic      | 3 9 14 | 14.4
Fire Magic     | 2 6 7 9 11 13 14 16 18 20 | 20.2
Fighting       | 3 8 9 |  9.3
Earth Magic    | 2 |  2.6
Throwing       | |  1.7

Action                     |  1- 3 |  4- 6 |  7- 9 | 10-12 | 13-15 | 16-18 | 19-21 | 22-24 || total
---------------------------+-------+-------+-------+-------+-------+-------+-------+-------++-------
  Melee: Quarterstaff      |   106 |    49 |       |       |       |       |       |       ||   155
         Staff             |       |   135 |   387 |   936 |  1514 |   381 |  1324 |   448 ||  5125
         Punch             |       |       |     3 |    18 |    32 |     4 |    45 |    10 ||   112
   Cast: Wereblood         |       |       |     1 |    23 |     3 |     3 |       |     1 ||    31
         Call Canine Famil |       |       |       |     8 |     2 |       |       |       ||    10
         Foxfire           |       |       |       |    19 |     7 |     1 |       |       ||    27
         Sticky Flame      |       |       |       |    47 |   325 |   145 |   209 |    74 ||   800
         Flame Wave        |       |       |       |     1 |       |       |       |       ||     1
         Lightning Bolt    |       |       |       |     4 |     8 |       |       |       ||    12
         Iskenderun's Myst |       |       |       |       |     4 |     2 |     2 |     1 ||     9
         Fireball          |       |       |       |       |    59 |     3 |     3 |       ||    65
         Iron Shot         |       |       |       |       |    51 |    49 |   271 |    96 ||   467
         Freezing Cloud    |       |       |       |       |       |    24 |   149 |    36 ||   209
         Ignition          |       |       |       |       |       |       |   152 |   229 ||   381
  Evoke: Wand              |       |       |    16 |    21 |     6 |       |     6 |    28 ||    77
         Phantom mirror    |       |       |       |       |       |       |       |     3 ||     3
         Box of beasts     |       |       |       |       |       |       |       |     2 ||     2
    Use: Scroll            |     3 |     7 |     5 |    19 |    13 |     7 |     9 |     7 ||    70
         Potion            |       |     3 |     6 |    11 |     7 |    10 |    14 |    14 ||    65
   Stab: Sleeping          |       |     1 |     2 |       |       |       |       |       ||     3
         Paralysed         |       |       |       |    80 |   338 |   102 |   267 |    25 ||   812
         Distracted        |       |       |       |     1 |       |       |       |       ||     1
 Armour: Leather armour    |    20 |    43 |   149 |    35 |       |       |       |       ||   247
         Skin              |       |       |    16 |       |       |       |       |       ||    16
         Acid dragon scale |       |       |       |   132 |   423 |   252 |   473 |   187 ||  1467
  Dodge: Dodged            |    65 |    88 |   251 |   519 |   891 |   440 |   733 |   290 ||  3277
  Block: Other             |    12 |    30 |    50 |   114 |   316 |   259 |   451 |   165 ||  1397
         Reflection        |       |       |       |       |    13 |     1 |    33 |    18 ||    65

Levels and vault maps discovered:
D:1:      dpeg_arrival_erosion, layout_loops_ring, minmay_tromino_v2
D:2:      layout_loops_ring, basic_altar
D:3:      minmay_octagon_keep, layout_loops_ring, uniq_grinder, uniq_jessica,
          uniq_robin
D:4:      gammafunk_steamed_eel, layout_basic
D:5:      layout_basic, led_xom_imps, grunt_temple_overflow_open, serial_shops,
          shop, nrook_mini_vaults
D:6:      layout_layer_cave, dk_noncrumbling_2, lightli_church_of_beogh
D:7:      cheibrodos_grave_circle, layout_cave_pools,
          minmay_temple_entry_butterflies, serial_shops, shop,
          uniq_crazy_yiuf_cottage
D:8:      layout_layer_cave, mainiacjoe_overflow_big_doors, minmay_radiant
D:9:      layout_roguey, zombieorc2_lemuel, enter_bailey_1, uniq_maggie,
          uniq_gastronok, uniq_harold, uniq_maurice
D:10:     layout_loops_ring, nicolae_elevator_lobby_plus
D:11:     minmay_evil_eye, layout_irregular_city, dpeg_lair_monsters, uniq_grum,
          uniq_sonja
D:12:     layout_cave_pools
D:13:     gammafunk_beogh_shrine, layout_loops_corners,
          grunt_vaults_entry_tiered, uniq_snorg
D:14:     layout_irregular_city, palyth_stone_intersect
D:15:     hangedman_depths_entry_try_elsewhere_first, layout_grid_maze,
          nemelex_spade_bored_becter, uniq_rupert
Temple:   hellmonk_temple_forest_ring
Lair:1:   layout_small_grid, gammafunk_ghost_grave, minivault_25,
          nicolae_lair_grove_arrangements, nzn_sisyphean_effort
Lair:2:   layout_misc_corridors, beast_lair_carwin_5
Lair:3:   layout_regular_city, minmay_shoals_entry_lonely_mermaid,
          dummy_spider_entry, serial_bayou_shore_a
Lair:4:   layout_cellular_growth, minmay_slime_entry_oklob_open, st_stairs_13,
          nicolae_quartered_pool_little, dpeg_oklob_1
Lair:5:   minmay_lair_end_frog_pond, layout_loops_ring, uniq_nessos
Shoals:1: layout_shoals, portal_ice_cave_entry_pillars_2,
          nicolae_shoals_mertower
Shoals:2: layout_shoals
Shoals:3: layout_shoals, serial_shops, shop,
          nicolae_shop_competitors_out_of_business, nicolae_shop_statue_plus,
          lemuel_centaur_altar, uniq_jorgrun, uniq_ilsuiw
Shoals:4: shoals_end_simple, layout_shoals, nicolae_shoals_undead_eyrie
Spider:1: layout_spider_delve, gammafunk_ghost_arena,
          nicolae_spider_twisty_arc_passages
Spider:2: layout_spider_delve, ebering_ghost_disaster_area,
          nicolae_arachne_temple, uniq_nikola
Spider:3: layout_spider_delve
Spider:4: floodkiller_spider_rune_tomb
Orc:1:    layout_caves
Orc:2:    st_orc_mages, layout_caves, serial_shops, nicolae_shop_crystal,
          uniq_azrael
Elf:1:    eino_elf_arrival_the_gate, layout_loops_cross,
          minmay_elf_annihilation, laboratory, uniq_aizul, uniq_asterion
Elf:2:    elven_hall_of_blades_hangedman_alternative
          [nooodl_blade_entry_preview], layout_geoelf_octagon, serial_shops,
          nicolae_shop_temple_entry_statues_fountains
Elf:3:    nooodl_elf_gasket, layout_gridlike, serial_shops, nicolae_shop_trees,
          minmay_misc_feat_diagonals, patterned_corridor
Vaults:1: v_rooms_4, nicolae_vaults_inception_statues, v_misc_12, v_misc_15,
          v_misc_30, dpeg_vaults_monster_row, ontoclasm_vaults_twist,
          nicolae_vaults_little_squares_3, layout_vaults_omnigrid
Vaults:2: v_alt_pattern_5, nicolae_vaults_arrows, vaults_dpeg_spiral, v_rooms_1,
          nicolae_vaults_circle_grid_b, hangedman_vaults_unwind,
          hangedman_vaults_impose, nicolae_vaults_network_star,
          layout_vaults_chaotic_city
Vaults:3: v_misc_13, vaults_room_mumra_shop_pool, v_rooms_4, v_alt_pattern_6,
          hangedman_vaults_river_flow, minmay_crypt_entry_simple_corners,
          vaults_dpeg_emergency_exit, nicolae_vaults_display_case, v_misc_23,
          layout_vaults_ring, serial_shops, nicolae_diamond_shop, shop,
          shop_statue
Vaults:4: v_misc_27, nicolae_vaults_circle_grid_a, v_pattern_5, v_misc_23,
          v_rooms_2, gammafunk_sealed_arena, vaults_dpeg_doors, v_misc_27,
          vaults_dpeg_hooks, nicolae_vaults_alarming, dpeg_vaults_monster_box,
          layout_vaults_big_cross, serial_shops, bzr_entry_water, shop,
          nicolae_square_shop, shop
Vaults:5: serial_shops, uniq_mennas
Crypt:1:  layout_catacombs, grunt_megastairs_3, uniq_bai_suzhen
Depths:1: layout_cave_pools, rand_demon_pan_entry_8, hangedman_decor_lopped,
          nicolae_abyss_entry_one_way_or_another, hell_entry, enter_trove_6,
          minmay_fire_ice_demons, uniq_sojobo

Notes
Turn   | Place    | Note
-------+----------+-------------------------------------------
     0 | D:1      | demibob the Demonspawn Gladiator began the quest for the
                  | Orb.
     0 | D:1      | Reached XP level 1. HP: 16/16 MP: 1/1
    77 | D:1      | Reached skill level 3 in Staves
   100 | D:1      | Gained mutation: A meltable shield of frost defends you.
                  | (SH +4) [demonic ancestry]
   100 | D:1      | Reached XP level 2. HP: 22/22 MP: 2/2
   471 | D:1      | Gained mutation: You have a pair of small antennae on your
                  | head. [demonic ancestry]
   471 | D:1      | Reached XP level 3. HP: 22/27 MP: 3/3
   504 | D:1      | Reached skill level 4 in Staves
   915 | D:2      | Reached XP level 4. HP: 33/33 MP: 4/4
   947 | D:2      | Found a stormy altar of Qazlal.
  1079 | D:2      | Reached skill level 5 in Staves
  1560 | D:2      | Gained mutation: A meltable icy envelope protects you from
                  | harm. (AC +8) [demonic ancestry]
  1560 | D:2      | Reached XP level 5. HP: 35/38 MP: 5/5
  1819 | D:2      | Identified 3 scrolls of acquirement
  1819 | D:2      | Acquired 1048 gold pieces
  1821 | D:2      | Acquired the +1 cloak of Sloth {Rampage +Inv rPois rF++}
  1823 | D:2      | Acquired the +6 Majin-Bo {spellvamp, MP+6 Int+6}
  1823 | D:2      | Found the +6 Majin-Bo {spellvamp, MP+6 Int+6}
  2131 | D:3      | Noticed Grinder
  2160 | D:3      | Paralysed by Grinder for 3 turns
  2165 | D:3      | Killed Grinder
  2166 | D:3      | Reached skill level 6 in Staves
  2166 | D:3      | Reached XP level 6. HP: 44/44 MP: 6/6
  2272 | D:3      | Noticed Jessica
  2283 | D:3      | Killed Jessica
  2350 | D:3      | Reached skill level 7 in Staves
  2636 | D:3      | Noticed Robin
  2646 | D:3      | Killed Robin
  2741 | D:3      | Reached XP level 7. HP: 50/50 MP: 7/7
  2908 | D:4      | Found a transporter.
  2918 | D:4      | Got the Annotations on Hexes
  2978 | D:4      | Found a transporter.
  3383 | D:5      | Entered Level 5 of the Dungeon
  3412 | D:5      | Reached skill level 8 in Staves
  3515 | D:5      | Found Hagov's Assorted Antiques.
  3571 | D:5      | Identified a potion of resistance
  3792 | D:5      | Found a shimmering altar of Xom.
  3834 | D:5      | Reached skill level 9 in Staves
  3834 | D:5      | Gained mutation: Spells you cast may paralyse adjacent
                  | enemies. [demonic ancestry]
  3834 | D:5      | Reached XP level 8. HP: 47/56 MP: 8/8
  4124 | D:5      | Reached skill level 3 in Dodging
  4124 | D:5      | Found an ornate altar of the Wu Jian Council.
  4124 | D:5      | Found a stormy altar of Qazlal.
  4142 | D:5      | Found a sacrificial altar of Ru.
  4144 | D:5      | Found a shimmering blue altar of Sif Muna.
  4144 | D:5      | Found a sparkling altar of Nemelex Xobeh.
  4482 | D:5      | Reached skill level 4 in Dodging
  5315 | D:6      | Found a runed translucent door.
  6187 | D:7      | Reached skill level 10 in Staves
  6187 | D:7      | Reached skill level 5 in Dodging
  6187 | D:7      | Reached XP level 9. HP: 53/61 MP: 9/9
  6332 | D:6      | Learned a level 2 spell: Wereblood
  6378 | D:7      | Found Qomaugenn's General Store.
  6394 | D:7      | Reached skill level 1 in Spellcasting
  6394 | D:7      | Reached skill level 1 in Transmutations
  6419 | D:7      | Bought a potion of heal wounds for 75 gold pieces
  6463 | D:7      | You fall into a shaft and drop 1 floor!
  6642 | D:8      | Noticed a catoblepas
  6642 | D:8      | Noticed a centaur warrior
  6659 | D:7      | Found a staircase to the Ecumenical Temple.
  6666 | Temple   | Entered the Ecumenical Temple
  6682 | Temple   | Became a worshipper of Vehumet
  6840 | D:7      | Reached skill level 2 in Armour
  6851 | D:7      | Reached skill level 11 in Staves
  6851 | D:7      | Noticed a hellwing
  6881 | D:7      | Killed a hellwing
  6882 | D:7      | Reached skill level 3 in Armour
  6904 | D:7      | Noticed a hellwing
  6919 | D:7      | Reached skill level 2 in Spellcasting
  6919 | D:7      | Reached skill level 2 in Transmutations
  6919 | D:7      | Gained mutation: You have a pair of antennae on your head.
                  | [demonic ancestry]
  6919 | D:7      | Reached XP level 10. HP: 66/67 MP: 13/13
  6951 | D:7      | Reached skill level 3 in Spellcasting
  6951 | D:7      | Reached skill level 3 in Transmutations
  7129 | D:7      | Learned a level 4 spell: Flame Wave
  7282 | D:7      | Found a runed translucent door.
  7283 | D:7      | Noticed Crazy Yiuf
  7873 | D:8      | Found a hide-covered altar of Uskayaw.
  8048 | D:9      | Reached skill level 1 in Conjurations
  8059 | D:9      | Found a flagged portal.
  8068 | Bailey   | Entered a bailey
  8125 | Bailey   | Learned a level 3 spell: Call Canine Familiar
  8128 | Bailey   | Identified a +0 crystal plate armour
  8130 | Bailey   | Reached * piety under Vehumet
  8130 | Bailey   | Offered knowledge of Magic Dart by Vehumet.
  8160 | Bailey   | Reached skill level 1 in Summonings
  8285 | Bailey   | Noticed an orc knight
  8306 | Bailey   | Killed an orc knight
  8307 | Bailey   | Reached skill level 12 in Staves
  8307 | Bailey   | Reached skill level 3 in Summonings
  8316 | Bailey   | Reached skill level 4 in Summonings
  8402 | D:9      | Noticed Maggie
  8437 | D:9      | Killed Maggie
  8438 | D:9      | Reached skill level 5 in Summonings
  8596 | D:9      | Found a staircase to the Orcish Mines.
  8596 | D:9      | Noticed Harold
  8628 | D:9      | Killed Harold
  8629 | D:9      | Reached skill level 4 in Spellcasting
  8629 | D:9      | Reached skill level 2 in Conjurations
  8629 | D:9      | Gained mutation: Spells you cast may paralyse nearby
                  | enemies. [demonic ancestry]
  8629 | D:9      | Reached XP level 11. HP: 55/72 MP: 17/17
  8646 | D:9      | Reached skill level 3 in Conjurations
  8662 | D:9      | Reached ** piety under Vehumet
  8662 | D:9      | Offered knowledge of Foxfire by Vehumet.
  8710 | D:9      | Reached skill level 5 in Spellcasting
  8790 | D:9      | Reached *** piety under Vehumet
  8791 | D:9      | Reached skill level 4 in Conjurations
  8832 | D:9      | Learned a level 1 spell: Foxfire
  9020 | D:9      | Noticed Maurice
  9030 | D:9      | Offered knowledge of Frozen Ramparts by Vehumet.
  9047 | D:9      | Killed Maurice
  9073 | D:9      | Noticed Gastronok
  9112 | D:9      | HP: 6/72 [Gastronok/the air (35)]
  9119 | D:9      | Killed Gastronok
  9120 | D:9      | Reached skill level 6 in Conjurations
  9135 | D:8      | Killed a centaur warrior
  9435 | D:9      | Learned a level 5 spell: Lightning Bolt
  9446 | D:10     | Entered Level 10 of the Dungeon
  9471 | D:10     | Reached skill level 1 in Air Magic
  9619 | D:10     | Reached skill level 7 in Conjurations
  9703 | D:10     | Noticed a two-headed ogre
  9732 | D:10     | Killed a two-headed ogre
  9733 | D:10     | Reached skill level 2 in Air Magic
 10626 | D:11     | Noticed a two-headed ogre
 10651 | D:11     | Killed a two-headed ogre
 10652 | D:11     | Reached skill level 3 in Air Magic
 10993 | D:8      | Offered knowledge of Sticky Flame by Vehumet.
 11012 | D:8      | Learned a level 4 spell: Sticky Flame
 11066 | D:8      | Reached skill level 8 in Conjurations
 11071 | D:8      | Killed a catoblepas
 11072 | D:8      | Reached skill level 1 in Fire Magic
 11232 | D:8      | Noticed a two-headed ogre
 11242 | D:8      | Killed a two-headed ogre
 11243 | D:8      | Reached skill level 2 in Fire Magic
 11957 | D:11     | Noticed a centaur warrior
 11970 | D:11     | Killed a centaur warrior
 11971 | D:11     | Gained mutation: You are partially covered in razor-sharp
                  | scales. (AC +1, Slay +1) [demonic ancestry]
 11971 | D:11     | Reached XP level 12. HP: 76/78 MP: 14/19
 12058 | D:11     | Reached skill level 3 in Fire Magic
 12145 | D:11     | Noticed Grum
 12147 | D:11     | Noticed Sonja
 12152 | D:11     | Killed Sonja
 12153 | D:11     | Reached skill level 9 in Conjurations
 12162 | D:11     | Killed Grum
 12254 | D:11     | Noticed a boulder beetle
 12272 | D:11     | Killed a boulder beetle
 12273 | D:11     | Reached skill level 4 in Fire Magic
 12357 | D:11     | Noticed a death yak
 12357 | D:11     | Noticed a death yak
 12357 | D:11     | Noticed a death yak
 12362 | D:11     | Noticed a two-headed ogre
 12364 | D:11     | Reached **** piety under Vehumet
 12375 | D:11     | Killed a death yak
 12434 | D:11     | Killed a death yak
 12589 | D:11     | Killed a death yak
 12590 | D:11     | Reached skill level 5 in Fire Magic
 12590 | D:11     | Found a staircase to the Lair.
 12822 | Lair:1   | Entered Level 1 of the Lair of Beasts
 12869 | Lair:1   | Noticed a boulder beetle
 12875 | Lair:1   | Reached skill level 10 in Conjurations
 12879 | Lair:1   | Killed a boulder beetle
 12894 | Lair:1   | Offered knowledge of Yara's Violent Unravelling by Vehumet.
 13126 | Lair:1   | Reached skill level 6 in Fire Magic
 13133 | Lair:1   | Reached skill level 6 in Dodging
 13559 | Lair:1   | Found a runed translucent door.
 13559 | Lair:1   | Noticed bigduke15's ghost (journeyman TeAE)
 14022 | Lair:2   | Reached skill level 3 in Fighting
 14027 | Lair:2   | Reached skill level 7 in Dodging
 14065 | Lair:2   | Gained mutation: You have a pair of large antennae on your
                  | head. (SInv) [demonic ancestry]
 14065 | Lair:2   | Reached XP level 13. HP: 86/86 MP: 21/21
 14173 | Lair:2   | Reached skill level 6 in Spellcasting
 14248 | Lair:2   | Reached skill level 4 in Fighting
 14902 | Lair:3   | Reached skill level 5 in Fighting
 14903 | Lair:3   | Reached skill level 7 in Spellcasting
 15221 | Lair:3   | Reached skill level 6 in Fighting
 15405 | Lair:3   | Reached ***** piety under Vehumet
 15405 | Lair:3   | Offered knowledge of Iskenderun's Mystic Blast by Vehumet.
 15415 | Lair:3   | Learned a level 4 spell: Iskenderun's Mystic Blast
 15695 | Lair:3   | Reached skill level 7 in Fighting
 15770 | Lair:3   | Found a hole to the Spider Nest.
 15801 | Lair:3   | Found a staircase to the Shoals.
 16711 | Lair:4   | Reached skill level 11 in Conjurations
 17037 | Lair:4   | Reached skill level 7 in Fire Magic
 17226 | Lair:4   | Found the +10 dark maul {heavy}
 17462 | Lair:4   | Found a viscous altar of Jiyva.
 17685 | Lair:5   | Entered Level 5 of the Lair of Beasts
 17693 | Lair:5   | Noticed Nessos
 17711 | Lair:5   | Killed Nessos
 17733 | Lair:5   | Reached skill level 8 in Fighting
 18016 | Lair:5   | Reached XP level 14. HP: 104/105 MP: 24/24
 18331 | Lair:5   | Identified the +3 ring mail of Teffagac {Int+2}
 18536 | Lair:5   | Reached skill level 8 in Fire Magic
 18898 | Lair:5   | Reached skill level 9 in Fighting
 18934 | Lair:5   | Reached skill level 12 in Conjurations
 19015 | Lair:5   | Offered knowledge of Fireball by Vehumet.
 19237 | Lair:5   | Identified the +3 rapier of Fragile Peace {venom, Dex+4
                  | SInv}
 19479 | Lair:5   | Learned a level 5 spell: Fireball
 19765 | Orc:1    | Entered Level 1 of the Orcish Mines
 19980 | Orc:2    | Entered Level 2 of the Orcish Mines
 20759 | Orc:2    | Noticed Azrael
 20759 | Orc:2    | Found a staircase to the Elven Halls.
 21155 | D:12     | Reached skill level 9 in Fire Magic
 21577 | D:13     | Found a transporter.
 21577 | D:13     | Found a transporter.
 21578 | D:13     | Noticed an orc warlord
 21865 | D:13     | Noticed Snorg
 21878 | D:13     | Killed Snorg
 21963 | D:13     | Reached skill level 13 in Conjurations
 22362 | D:13     | Offered knowledge of Iron Shot by Vehumet.
 22721 | D:13     | Reached skill level 8 in Spellcasting
 22864 | D:13     | Reached XP level 15. HP: 82/113 MP: 18/27
 22874 | D:13     | Learned a level 6 spell: Iron Shot
 22957 | D:13     | Found a gate to the Vaults.
 23324 | Orc:2    | Found Wougrino's General Store.
 23488 | Orc:2    | Reached skill level 1 in Earth Magic
 23993 | Orc:2    | Paralysed by an orc sorcerer for 3 turns
 24002 | Orc:2    | Reached skill level 2 in Earth Magic
 24144 | Orc:2    | Found Fazxeu's Jewellery Shoppe.
 24144 | Orc:2    | Found Qyubro's Armour Shoppe.
 24145 | Orc:2    | Found Coutt's Jewellery Emporium.
 24201 | Orc:2    | Found Ischiocai's Armour Emporium.
 24214 | Orc:2    | Bought a ring of wizardry for 540 gold pieces
 24678 | Orc:2    | Killed Azrael
 24951 | D:14     | Offered knowledge of Conjure Ball Lightning by Vehumet.
 24965 | D:14     | Reached skill level 14 in Conjurations
 24973 | D:14     | Learned a level 6 spell: Conjure Ball Lightning
 25984 | D:15     | Entered Level 15 of the Dungeon
 26285 | D:15     | Found a sparkling altar of Nemelex Xobeh.
 26506 | D:15     | Reached skill level 10 in Fire Magic
 26596 | D:15     | Found a staircase to the Depths.
 26650 | D:15     | Identified a +2 kite shield of resistance
 27435 | D:15     | Noticed Rupert
 27436 | D:15     | Paralysed by Rupert for 2 turns
 27444 | D:15     | Killed Rupert
 27665 | Spider:1 | Entered Level 1 of the Spider Nest
 27790 | Spider:1 | Found a transporter.
 27813 | Spider:1 | Found a transporter.
 27813 | Spider:1 | Noticed Iamsock's ghost (journeyman DsWn)
 27829 | Spider:1 | Reached skill level 15 in Conjurations
 28443 | Spider:1 | Reached skill level 11 in Fire Magic
 28694 | Spider:1 | Offered knowledge of Ozocubu's Refrigeration by Vehumet.
 29209 | Spider:2 | Noticed Nikola
 29340 | Spider:2 | Found a large runed translucent door.
 29722 | Spider:1 | Reached XP level 16. HP: 106/120 MP: 13/28
 31255 | Spider:1 | Reached skill level 16 in Conjurations
 31653 | Spider:2 | Noticed Arachne
 31662 | Spider:1 | Reached skill level 12 in Fire Magic
 31737 | Spider:1 | Reached skill level 8 in Dodging
 31742 | Spider:1 | Killed Arachne
 31960 | Spider:1 | >>dead lol
 32865 | Spider:2 | Found a large runed translucent door.
 32867 | Spider:2 | Offered knowledge of Freezing Cloud by Vehumet.
 32972 | Spider:2 | Noticed Newt's ghost (adept KoHu)
 33058 | Spider:2 | Killed Nikola
 33655 | Spider:2 | Learned a level 5 spell: Freezing Cloud
 34072 | Spider:3 | Reached skill level 13 in Fire Magic
 35029 | Spider:4 | Entered Level 4 of the Spider Nest
 35518 | Spider:4 | Reached skill level 17 in Conjurations
 36062 | Spider:4 | Offered knowledge of Lehudib's Crystal Spear by Vehumet.
 36071 | Spider:4 | Gained mutation: You are mostly covered in razor-sharp
                  | scales. (AC +2, Slay +2) [demonic ancestry]
 36071 | Spider:4 | Reached XP level 17. HP: 116/126 MP: 27/29
 36209 | Spider:4 | Identified 2 potions of experience
 36329 | Spider:4 | Reached skill level 14 in Fire Magic
 36329 | Spider:4 | Gained mutation: You are completely covered in razor-sharp
                  | scales. (AC +3, Slay +3) [demonic ancestry]
 36329 | Spider:4 | Reached XP level 18. HP: 132/132 MP: 30/30
 36330 | Spider:4 | Reached skill level 9 in Spellcasting
 36330 | Spider:4 | Reached XP level 19. HP: 138/138 MP: 32/32
 37165 | Spider:4 | Reached skill level 18 in Conjurations
 38153 | Spider:4 | Reached skill level 15 in Fire Magic
 39355 | Spider:4 | Got a gossamer rune of Zot
 39357 | Spider:4 | Identified a scarf of resistance
 40096 | Vaults:1 | Entered Level 1 of the Vaults
 40559 | Vaults:1 | Reached skill level 19 in Conjurations
 40741 | Vaults:1 | Reached ****** piety under Vehumet
 41511 | Vaults:1 | Reached skill level 16 in Fire Magic
 42551 | Vaults:1 | Paralysed by a sphinx for 3 turns
 43248 | Vaults:2 | Offered knowledge of Chain Lightning by Vehumet.
 43248 | Vaults:2 | Offered knowledge of Ignition by Vehumet.
 43248 | Vaults:2 | Offered knowledge of Maxwell's Capacitive Coupling by
                  | Vehumet.
 43812 | Vaults:2 | Gained mutation: You punish those that try to bend your
                  | will. (Will+) [demonic ancestry]
 43812 | Vaults:2 | Reached XP level 20. HP: 58/145 MP: 28/33
 44280 | Vaults:2 | Learned a level 8 spell: Ignition
 44534 | Vaults:2 | Reached skill level 20 in Conjurations
 44730 | Vaults:2 | Reached skill level 17 in Fire Magic
 46541 | Vaults:3 | Found Waegewul's Weapon Boutique.
 46788 | Vaults:3 | Found Nudgh's Distillery.
 46883 | Vaults:3 | Bought a potion of heal wounds for 75 gold pieces
 46883 | Vaults:3 | Bought a potion of heal wounds for 75 gold pieces
 46883 | Vaults:3 | Bought a potion of curing for 45 gold pieces
 47393 | Vaults:3 | Found a staircase to the Crypt.
 48110 | Vaults:3 | Reached skill level 21 in Conjurations
 48178 | Vaults:3 | Reached skill level 18 in Fire Magic
 48338 | Vaults:3 | Found Vahesir's Armour Shop.
 48547 | Vaults:3 | Found Oqeob's Weapon Emporium.
 49040 | Vaults:4 | Found a flickering gateway to a bazaar.
 49049 | Bazaar   | Entered a bazaar
 49063 | Bazaar   | Found Vustad's Antique Weapon Emporium.
 49063 | Bazaar   | Found Feffily's General Store.
 49111 | Bazaar   | Found Vasaq's Antique Weapon Emporium.
 49111 | Bazaar   | Found Topopp's Jewellery Shoppe.
 49216 | Bazaar   | Bought a potion of heal wounds for 70 gold pieces
 49216 | Bazaar   | Bought a scroll of teleportation for 42 gold pieces
 49216 | Bazaar   | Bought a potion of might for 56 gold pieces
 49260 | Bazaar   | Bought the ring "Ylisudgh" {rF++ Str+6} for 605 gold pieces
 49436 | Vaults:4 | Found Ciwaidd's General Store.
 49444 | Vaults:4 | Found Paseunix's General Store.
 49519 | Vaults:4 | Bought a potion of magic for 112 gold pieces
 49536 | Vaults:4 | Bought a scroll of magic mapping for 112 gold pieces
 49536 | Vaults:4 | Bought a potion of curing for 45 gold pieces
 49536 | Vaults:4 | Bought a scroll of teleportation for 45 gold pieces
 49536 | Vaults:4 | Bought a scroll of enchant armour for 112 gold pieces
 49536 | Vaults:4 | Bought a potion of resistance for 150 gold pieces
 50009 | Vaults:4 | Gained mutation: You are resistant to unholy torment.
                  | [demonic ancestry]
 50009 | Vaults:4 | Reached XP level 21. HP: 150/150 MP: 19/34
 50844 | Vaults:4 | Reached skill level 22 in Conjurations
 51083 | Vaults:4 | Paralysed by a great orb of eyes for 2 turns
 51119 | Vaults:4 | Reached skill level 19 in Fire Magic
 51602 | Vaults:4 | Found a transporter.
 51605 | Vaults:4 | Noticed an ancient lich
 51615 | Vaults:4 | Found a transporter.
 51760 | Vaults:4 | Found Ihyacir's Armour Emporium.
 52330 | Shoals:1 | Entered Level 1 of the Shoals
 52330 | Shoals:1 | Found a frozen archway.
 52578 | IceCv    | Entered an ice cave
 53266 | IceCv    | Identified a +2 leather armour of resistance
 53290 | IceCv    | Found an ancient bone altar of Kikubaaqudgha.
 53805 | IceCv    | Got the Secrets of Graupel
 56446 | Shoals:3 | Noticed Jorgrun
 56462 | Shoals:3 | Killed Jorgrun
 56843 | Shoals:3 | Found Fyodgh's Weapon Shop.
 56907 | Shoals:3 | Noticed Ilsuiw
 56937 | Shoals:3 | Killed Ilsuiw
 57149 | Shoals:3 | Found a shimmering blue altar of Sif Muna.
 57327 | Shoals:3 | Reached skill level 23 in Conjurations
 57404 | Shoals:3 | Found Usheuc's Distillery.
 57412 | Shoals:3 | Bought a potion of haste for 150 gold pieces
 57412 | Shoals:3 | Bought a potion of curing for 45 gold pieces
 57412 | Shoals:3 | Bought a potion of curing for 45 gold pieces
 57412 | Shoals:3 | Bought a potion of brilliance for 60 gold pieces
 57412 | Shoals:3 | Bought 2 potions of heal wounds for 150 gold pieces
 57412 | Shoals:3 | Bought a potion of curing for 45 gold pieces
 57802 | Shoals:3 | Found Konobaop's Antique Weapon Emporium.
 57956 | Shoals:4 | Entered Level 4 of the Shoals
 58162 | Shoals:4 | Reached skill level 20 in Fire Magic
 58615 | Shoals:4 | Gained mutation: A meltable icy envelope protects you from
                  | harm. (AC +8) [demonic ancestry]
 58615 | Shoals:4 | Reached XP level 22. HP: 157/157 MP: 9/35
 59202 | Shoals:4 | Reached skill level 4 in Air Magic
 59298 | Shoals:4 | Got a barnacled rune of Zot
 59754 | Elf:1    | Entered Level 1 of the Elven Halls
 59760 | Elf:1    | Noticed Aizul
 59779 | Elf:1    | Killed Aizul
 60035 | Elf:1    | Reached skill level 5 in Air Magic
 60557 | Elf:1    | Identified the +7 spear of Beogh's Approval {heavy, *Noise
                  | rF- Str+8 Dex+2}
 60803 | Elf:1    | Noticed Asterion
 60811 | Elf:1    | Killed Asterion
 61198 | Elf:1    | Reached skill level 6 in Air Magic
 61518 | Elf:1    | Got the Treatise on Injury
 62504 | Elf:2    | Reached skill level 24 in Conjurations
 62506 | Elf:2    | Reached skill level 7 in Air Magic
 62689 | Elf:2    | Identified the +3 chain mail "Hihuwn" {Will+ Int+2 Dex-5
                  | SInv}
 62808 | Elf:2    | Got the Lessons on the Productive Sky
 62900 | Elf:2    | Found a huge runed translucent gate.
 62900 | Elf:2    | Found a huge runed translucent gate.
 62900 | Elf:2    | Found a huge runed translucent gate.
 62900 | Elf:2    | Found a huge runed translucent gate.
 62901 | Elf:2    | Found a huge runed translucent gate.
 63153 | Elf:2    | Found Yhij's Book Shop.
 63628 | Elf:3    | Entered Level 3 of the Elven Halls
 63845 | Elf:3    | Reached skill level 8 in Air Magic
 64292 | Elf:3    | Found Bixzawai's Distillery.
 64413 | Elf:3    | Bought a potion of resistance for 150 gold pieces
 64413 | Elf:3    | Bought a potion of haste for 150 gold pieces
 64413 | Elf:3    | Bought a potion of might for 60 gold pieces
 64413 | Elf:3    | Bought a potion of brilliance for 60 gold pieces
 64423 | Elf:3    | Learned a level 9 spell: Chain Lightning
 64808 | Elf:3    | Reached skill level 9 in Air Magic
 65586 | Elf:3    | Identified the +7 halberd of Mipenaig {speed, *Corrode rF+
                  | Int+3}
 65882 | Elf:3    | Identified the +5 flail of Gallantry {venom, rN++}
 65920 | Elf:3    | Gained mutation: Spells you cast and wands you use may
                  | paralyse nearby enemies. [demonic ancestry]
 65920 | Elf:3    | Reached XP level 23. HP: 139/163 MP: 13/36
 66307 | Elf:3    | Reached skill level 10 in Air Magic
 66699 | Elf:3    | Reached skill level 25 in Conjurations
 66944 | Elf:3    | Found the +27 heavy crossbow "Sniper" {heavy, Acc+∞ SInv}
 67005 | Elf:3    | Got the Quarto of Combustive Allies
 67270 | Depths:1 | Entered Level 1 of the Depths
 67298 | Depths:1 | Found a one-way gate to the infinite horrors of the Abyss.
 67299 | Depths:1 | Identified the +0 tower shield "Ynoguf" {rF+ MP+9}
 67299 | Depths:1 | Noticed Louise
 67340 | Depths:1 | Killed Louise
 67576 | Depths:1 | Noticed Sojobo
 67604 | D:15     | Killed Sojobo
 67933 | Depths:1 | Reached skill level 11 in Air Magic
 68806 | Depths:1 | Identified the +0 ice dragon scales of Raaj Wea {rF- rC++
                  | Int+4}
 69279 | Vaults:5 | Entered Level 5 of the Vaults
 69281 | Vaults:5 | Reached skill level 12 in Air Magic
 69435 | Vaults:5 | Reached skill level 13 in Air Magic
 69438 | Vaults:5 | Noticed Mennas
 69806 | Crypt:1  | Entered Level 1 of the Crypt
 69812 | Crypt:1  | Noticed Bai Suzhen
 70212 | Vaults:3 | Killed Bai Suzhen
 70442 | Crypt:1  | Noticed a curse skull
 70549 | Vaults:3 | Killed a curse skull
 70807 | Crypt:1  | Reached skill level 14 in Air Magic
 71297 | Crypt:1  | HP: 15/154 [ghoul (3)]
 71300 | Crypt:1  | Slain by a jiangshi

Vanquished Creatures
  Bai Suzhen (Vaults:3)
  Sojobo (D:15)
  Nikola (Spider:2)
  Arachne (Spider:1)
  3 liches
  A deep elf blademaster (Elf:3)
  Jorgrun (Shoals:3)
  4 deep elf master archers (Elf:3)
  A titan (Vaults:5)
  3 sphinxes
  A shadow dragon (Vaults:4)
  4 tengu reavers
  Ilsuiw (Shoals:3)
  A fire giant (Depths:1)
  7 deep elf sorcerers
  7 emperor scorpions
  Aizul (Elf:1)
  A frost giant (Vaults:4)
  10 vault wardens
  A curse skull (Vaults:3)
  8 deep elf elementalists (Elf:3)
  5 ghost moths
  16 very ugly things
  Louise (Depths:1)
  2 war gargoyles (Vaults:4)
  5 broodmothers
  3 vampire knights
  16 ironbound preservers
  9 ironbound thunderhulks
  Nessos (Lair:5)
  A stone giant (Vaults:5)
  9 deep elf annihilators
  7 deep elf demonologists (Elf:3)
  2 spark wasps (Spider:4)
  Azrael (Orc:2)
  7 dire elephants
  2 eidola (Crypt:1)
  7 deep elf death magi
  6 merfolk javelineers
  Snorg (D:13)
  2 crystal guardians (Vaults:2)
  A blizzard demon (Depths:1)
  12 merfolk impalers
  An entropy weaver (shapeshifter) (D:13)
  8 entropy weavers
  3 jiangshi
  12 yaktaur captains
  7 deep elf high priests (Elf:3)
  A fire dragon (D:15)
  7 great orbs of eyes
  Harold (D:9)
  A quicksilver dragon skeleton (Crypt:1)
  4 ice dragons (Depths:1)
  9 hydras
  4 peacekeepers
  An ogre mage (Vaults:5)
  14 ironbound frosthearts
  8 merfolk avatars
  31 vault guards
  3 radroaches
  7 merfolk aquamancers
  8 two-headed ogres
  3 jorogumos
  10 centaur warriors
  5 boulder beetles
  2 catoblepae
  A satyr (Shoals:4)
  7 death scarabs (Spider:4)
  An alligator snapping turtle (Shoals:4)
  2 deep troll earth magi
  3 tengu warriors
  6 vampire magi
  3 death yaks (D:11)
  11 dancing weapons
  3 orc high priests
  6 skysharks
  A spectral emperor scorpion (Spider:4)
  Sonja (D:11)
  A sun demon (Depths:1)
  A storm dragon zombie (Crypt:1)
  20 deep elf knights
  A goliath frog (Lair:5)
  An iron troll (Depths:1)
  10 pharaoh ants
  A sea snake (shapeshifter) (D:15)
  40 deep trolls
  14 sea snakes
  12 orb spiders
  3 sun moths
  3 glowing orange brains
  2 spriggan simulacra (IceCv)
  5 phantasmal warriors
  A bog body (IceCv)
  15 ironbound convokers
  A spectral jorogumo (Spider:4)
  20 deep elf archers
  7 lindwurms
  An obsidian statue (IceCv)
  19 harpies
  A spectral wolf spider (Spider:4)
  2 orc knights
  2 stone giant zombies
  10 wizards
  26 deep elf pyromancers
  A wolf spider zombie (Spider:4)
  7 steelbarb worms
  27 deep elf zephyrmancers
  17 manticores
  4 necromancers
  4 fauns (Shoals:1)
  7 cyclopes
  8 orc sorcerers
  21 wolf spiders
  A salamander (D:15)
  37 ugly things
  3 black mambas
  5 moths of wrath
  10 merfolk sirens
  2 water nymphs (Shoals:1)
  8 elephants (Lair:3)
  8 centaur zombies
  23 vault sentinels
  A black mamba (shapeshifter) (Elf:1)
  Maurice (D:9)
  2 demonic crawlers
  A torpor snail (Spider:1)
  A grey draconian zombie (Crypt:1)
  An unseen horror (D:13)
  20 cane toads
  A centaur skeleton (D:7)
  2 rime drakes
  3 kobold demonologists
  Maggie (D:9)
  A dire elephant skeleton (Crypt:1)
  2 tengu conjurers (D:14)
  An efreet (D:15)
  22 freezing wraiths
  A redback zombie (Spider:4)
  36 yaktaurs
  2 ice devils
  A bunyip simulacrum (Crypt:1)
  2 spectral redbacks (Spider:4)
  9 komodo dragons
  3 anaconda simulacra (IceCv)
  3 golden dragon simulacra (IceCv)
  19 merfolk
  2 tarantella zombies (Spider:4)
  3 trolls
  2 hellwings (D:7)
  9 meliai
  2 polar bears
  2 human skeletons (Vaults:1)
  5 harpy zombies (Shoals:4)
  A hornet (Lair:1)
  A tyrant leech (Lair:5)
  Grinder (D:3)
  3 spectral culicivoras (Spider:4)
  37 tarantellas
  4 spectral tarantellas (Spider:4)
  A fire dragon zombie (Crypt:1)
  9 wind drakes
  A jumping spider zombie (Spider:4)
  6 snapping turtles
  18 blink frogs (Lair:5)
  A jumping spider (shapeshifter) (Vaults:5)
  6 dream sheep (Lair:3)
  17 culicivoras
  3 air elementals
  35 slime creatures
  4 flying skulls (Crypt:1)
  5 dire elephant simulacra (IceCv)
  39 jumping spiders
  A culicivora (shapeshifter) (Vaults:5)
  A shadow (D:9)
  2 wyverns
  58 yaks
  7 fire elementals
  5 water elementals
  19 humans (D:13)
  5 basilisks
  3 wraiths
  A yak (shapeshifter) (Vaults:5)
  8 vampire mosquitoes
  63 redbacks
  A steam dragon (D:10)
  2 wargs
  Grum (D:11)
  7 small abominations (Elf:1)
  2 minotaur simulacra (IceCv)
  2 harpy simulacra (IceCv)
  3 acid dragons
  5 large abominations (Elf:1)
  16 water moccasins
  2 hydra simulacra (IceCv)
  An ogre skeleton (Vaults:1)
  2 hell hounds
  28 orc warriors
  4 alligator simulacra (IceCv)
  A manticore zombie (Shoals:4)
  A black bear (D:3)
  An ettin simulacrum (IceCv)
  9 wolves
  12 boggarts
  8 ogres
  13 centaurs
  A rime drake zombie (Crypt:1)
  2 phantoms
  A fire crab zombie (Crypt:1)
  4 kobold brigands
  A gnoll sergeant (D:11)
  16 bullfrogs
  3 earth elementals
  A scorpion (shapeshifter) (D:15)
  A deep troll simulacrum (IceCv)
  4 wights (D:10)
  2 lindwurm simulacra (IceCv)
  5 killer bees (D:7)
  8 electric eels
  2 howler monkeys
  4 crimson imps (D:5)
  22 orc priests
  2 hounds
  2 jellies
  A gnoll bouda (D:9)
  Jessica (D:3)
  3 iguanas
  38 orc wizards
  8 ogre zombies (D:9)
  Robin (D:3)
  15 gnolls
  12 adders
  4 shadow imps (D:7)
  An ufetubus (D:5)
  2 worms
  2 dart slugs
  82 orcs
  7 ball pythons
  10 bats
  8 endoplasms
  3 giant cockroaches
  18 goblins
  10 hobgoblins
  7 jackals
  20 kobolds
  3 quokkas
  A ball python skeleton (Crypt:1)
  5 frilled lizards
  A goblin zombie (D:9)
  A hobgoblin skeleton (D:9)
  4 hobgoblin zombies (D:9)
  4 orc skeletons (D:9)
  15 orc zombies (D:9)
  9 rats
1806 creatures vanquished.

Vanquished Creatures (collateral kills)
  Rupert (D:15)
  Gastronok (D:9)
  A centaur warrior (D:8)
  A troll (D:11)
  A bullfrog (D:9)
  A foxfire (Lair:5)
6 creatures vanquished.

Vanquished Creatures (others)
  Asterion (Elf:1)
  A deep elf pyromancer (Elf:1)
  2 tarantellas (Spider:2)
  A culicivora (Spider:2)
  A fire elemental (Orc:2)
  A hell hound (Orc:2)
  An orc wizard (D:9)
  3 orcs
  A bush (Lair:5)
  41 foxfires
  41 fungi
  181 plants
  3 withered plants (D:7)
278 creatures vanquished.

Grand Total: 2090 creatures vanquished

Table legend: (Time is in decaauts)
 A = Elapsed time spent in this place.
 B = Non-inter-level travel time spent in this place.
 C = Inter-level travel time spent in this place.
 D = Time resting spent in this place.
 E = Time spent auto-exploring this place.
 F = Levels seen in this place.
 G = Mean time per level.
                   A        B        C        D        E       F      G
               +--------+--------+--------+--------+--------+-----+--------+
         Total |  69845 |  66046 |   3799 |  19727 |  34017 |  44 | 1587.4 |
       Dungeon |  18739 |  17064 |   1675 |   2106 |  11632 |  15 | 1249.3 |
        Temple |    142 |    131 |     11 |      0 |    113 |   1 |  142.0 |
          Lair |   7058 |   6618 |    440 |    867 |   4325 |   5 | 1411.6 |
        Shoals |   5854 |   5667 |    187 |   1039 |   3654 |   4 | 1463.5 |
   Spider Nest |  12023 |  11710 |    313 |   6434 |   3418 |   4 | 3005.8 |
  Orcish Mines |   3094 |   2832 |    262 |   1041 |   1165 |   2 | 1547.0 |
   Elven Halls |   6785 |   6619 |    166 |   2531 |   3073 |   3 | 2261.7 |
        Vaults |  12837 |  12107 |    730 |   4797 |   5241 |   5 | 2567.4 |
         Crypt |    624 |    624 |      0 |      9 |    458 |   1 |  624.0 |
        Depths |    896 |    884 |     12 |    252 |    406 |   1 |  896.0 |
        Bazaar |    230 |    230 |      0 |      0 |     84 |   1 |  230.0 |
        Bailey |    236 |    236 |      0 |     87 |      4 |   1 |  236.0 |
      Ice Cave |   1323 |   1323 |      0 |    561 |    442 |   1 | 1323.0 |
               +--------+--------+--------+--------+--------+-----+--------+

Top non-repeatable levels by time:
Spider:1: 4957 daAuts
Spider:4: 4710 daAuts
   Elf:3: 3408 daAuts
Vaults:3: 3306 daAuts
Vaults:2: 3303 daAuts
Vaults:1: 3114 daAuts
Vaults:4: 3089 daAuts
    D:15: 2392 daAuts
   Elf:1: 2125 daAuts
    D:13: 1881 daAuts
  Lair:3: 1818 daAuts
   Orc:2: 1801 daAuts
     D:8: 1651 daAuts
Shoals:3: 1626 daAuts
Shoals:4: 1603 daAuts

Table legend:
 A = Non-vault XP
 B = Vault XP
 C = Vault XP percentage of total XP
 D = Non-vault monster count
 E = Vault monster count
 F = Vault count percentage of total count
                 A         B        C        D         E       F
            +---------+---------+-------+---------+---------+-------
      Total |  430095 |  362906 |  45.8 |    1091 |     725 |  39.9
            +---------+---------+-------+---------+---------+-------
        D:1 |      68 |       3 |   4.2 |      32 |       2 |   5.9
        D:2 |     129 |       0 |   0.0 |      23 |       0 |   0.0
        D:3 |     224 |     388 |  63.4 |      35 |      22 |  38.6
        D:4 |       7 |     161 |  95.8 |       4 |       3 |  42.9
        D:5 |     829 |     200 |  19.4 |      29 |       4 |  12.1
        D:6 |     411 |       0 |   0.0 |       9 |       0 |   0.0
        D:7 |     538 |    4395 |  89.1 |      11 |      14 |  56.0
        D:8 |    1447 |    1952 |  57.4 |      19 |       3 |  13.6
        D:9 |    1921 |    3719 |  65.9 |      22 |      40 |  64.5
       D:10 |    2302 |       0 |   0.0 |       9 |       0 |   0.0
       D:11 |    2300 |    5594 |  70.9 |      13 |      15 |  53.6
       D:12 |    5068 |       0 |   0.0 |      16 |       0 |   0.0
       D:13 |    6542 |    8344 |  56.1 |      20 |      26 |  56.5
       D:14 |    7647 |       0 |   0.0 |      18 |       0 |   0.0
       D:15 |   10343 |    7533 |  42.1 |      20 |       6 |  23.1
     Lair:1 |    6113 |     816 |  11.8 |      30 |       1 |   3.2
     Lair:2 |    6226 |    1089 |  14.9 |      24 |       6 |  20.0
     Lair:3 |   13927 |     481 |   3.3 |      38 |       1 |   2.6
     Lair:4 |    4229 |     382 |   8.3 |      12 |       1 |   7.7
     Lair:5 |    9602 |   10690 |  52.7 |      34 |      35 |  50.7
   Shoals:1 |   16330 |    4275 |  20.7 |      31 |       6 |  16.2
   Shoals:2 |    7484 |       0 |   0.0 |      14 |       0 |   0.0
   Shoals:3 |   10206 |    5785 |  36.2 |      22 |      10 |  31.2
   Shoals:4 |   10414 |   28808 |  73.4 |      17 |      47 |  73.4
   Spider:1 |   33181 |    9017 |  21.4 |      84 |      19 |  18.4
   Spider:2 |    5894 |    7455 |  55.8 |      17 |      13 |  43.3
   Spider:3 |   10974 |       0 |   0.0 |      26 |       0 |   0.0
   Spider:4 |   30005 |   29497 |  49.6 |      67 |      58 |  46.4
      Orc:1 |    3651 |     975 |  21.1 |      30 |       3 |   9.1
      Orc:2 |    3154 |    5759 |  64.6 |      26 |      46 |  63.9
      Elf:1 |   25053 |   12970 |  34.1 |      38 |      27 |  41.5
      Elf:2 |   18888 |    1636 |   8.0 |      33 |       2 |   5.7
      Elf:3 |   26756 |   48834 |  64.6 |      43 |      44 |  50.6
   Vaults:1 |   28792 |   11927 |  29.3 |      42 |      20 |  32.3
   Vaults:2 |   22719 |   33081 |  59.3 |      35 |      54 |  60.7
   Vaults:3 |   29902 |   23358 |  43.9 |      48 |      26 |  35.1
   Vaults:4 |   26346 |   33068 |  55.7 |      38 |      43 |  53.1
   Vaults:5 |    5275 |   32634 |  86.1 |       8 |      38 |  82.6
    Crypt:1 |   12939 |    2534 |  16.4 |      25 |       4 |  13.8
   Depths:1 |   22259 |    5998 |  21.2 |      29 |       6 |  17.1
     Bailey |       0 |    1768 | 100.0 |       0 |      29 | 100.0
      IceCv |       0 |   17780 | 100.0 |       0 |      51 | 100.0
            +---------+---------+-------+---------+---------+-------
